 Dungeon Crawl Stone Soup version 0.28-a0-514-g0d7ab7f379 (webtiles) character file.

Game seed: 11256825901267236633

40 Cancer the Gusty (level 3, 0/19 HPs)
             Began as a Tengu Air Elementalist on Sept 23, 2021.
             Slain by a jackal (1 damage)
             ... on level 2 of the Dungeon.
             The game lasted 00:02:02 (1758 turns).

Cancer the Gusty (Tengu Air Elementalist)           Turns: 1758, Time: 00:02:02

Health: 0/19       AC:  2    Str:  8    XL:     3   Next: 50%
Magic:  2/7        EV: 12    Int: 16    God:
Gold:   27         SH:  0    Dex: 14    Spells: 6/7 levels left

rFire   . . .      SeeInvis .   g - +4 dagger
rCold   . . .      Faith    .   (no shield)
rNeg    . . .      Spirit   .   a - +0 robe
rPois   .          Reflect  .   (helmet restricted)
rElec   .          Harm     .   (no cloak)
rCorr   .          Rampage  .   (no gloves)
Will    .....                   (boots unavailable)
Stlth   ++........              (no amulet)
HPRegen 0.06/turn               d - ring of flight
MPRegen 0.10/turn               (no ring)

@: flying
A: beak, talons 3
a: no special abilities


You were on level 2 of the Dungeon.
You visited 1 branch of the dungeon, and saw 2 of its levels.

You collected 27 gold pieces.

Inventory:

Hand Weapons
 g - a +4 dagger (weapon)
Armour
 a - a +0 robe (worn)
Jewellery
 d - a ring of flight (left hand)
Scrolls
 b - a scroll of noise {unknown}
 e - 2 scrolls of identify {unknown}
Potions
 c - a potion of attraction {unknown}
 f - a potion of magic {unknown}
 h - a potion of might {unknown}


   Skills:
 - Level 2.1 Dodging
 - Level 2.0 Stealth
 + Level 2.5 Spellcasting
 + Level 2.7 Conjurations
 + Level 4.7 Air Magic


You had 6 spell levels left.
You knew the following spells:

 Your Spells              Type           Power      Damage    Failure   Level
a - Shock                 Conj/Air       56%        1d6       4%          1

Your spell library contained the following spells:

 Spells                   Type           Power      Damage    Failure   Level
 Static Discharge         Conj/Air       14%        N/A       6%          2
 Swiftness                Air            17%        N/A       9%          3
 Airstrike                Air            8%         N/A       28%         4


Dungeon Overview and Level Annotations

Branches:
Dungeon (2/15)

Altars:


Innate Abilities, Weirdness & Mutations

You have a beak for a mouth.
You have claws for feet.


Message History

There is a stone staircase leading down here.
You start resting.
HP restored.
You fly downwards.
Found a fuming dark potion and a scroll labelled QUNOZE ATOG.
There is a stone staircase leading up here.
h - a fuming dark potion
There is a stone staircase leading up here.
e - 2 scrolls labelled QUNOZE ATOG (gained 1)
A worm is nearby!
The zap hits the worm.
The worm is lightly wounded.
The zap hits the worm.
The worm is lightly wounded.
The zap hits the worm.
The worm is lightly wounded.
The zap hits the worm.
The worm is lightly wounded.
The zap hits the worm.
The worm is moderately wounded.
The zap hits the worm.
The worm is moderately wounded.
A jackal comes into view.
Found a mace.
You hit the worm.
The worm is moderately wounded.
The worm barely misses you.
You hit the worm.
The worm is heavily wounded.
The worm bites you!
You hit the worm but do no damage. You claw the worm, but do no damage.
The worm is heavily wounded.
You hit the worm but do no damage.
The worm is heavily wounded.
The worm bites you!
Ouch! That really hurt!
* * * LOW HITPOINT WARNING * * *
You are too injured to fight recklessly!
The jackal bites you.
You die...

#.##..#...#.#
#.............
#.##..#.###.###
#.#...#.# #.#
#.#.#.......####.
#.#.###.##.......#
#.......##.......###
###.######.......##.
####@### #..........
#..h...# #..........
#.##w#.# #..........
# #.#.# #...†......
#.# # #.##.##.#..
#.# ##.......##. ...
#......##### #)#
#.###..<...w #..
........#####


You could see a worm and a jackal.

Vanquished Creatures
  A gnoll (D:1)
  2 dart slugs
  3 endoplasms (D:1)
  A giant cockroach (D:1)
  4 goblins (D:1)
  A hobgoblin (D:1)
  4 jackals (D:2)
  3 kobolds (D:1)
  A ball python (D:1)
  3 bats (D:1)
23 creatures vanquished.

Notes
Turn   | Place    | Note
-------+----------+-------------------------------------------
     0 | D:1      | Cancer the Tengu Air Elementalist began the quest for the
                  | Orb.
     0 | D:1      | Reached XP level 1. HP: 10/10 MP: 4/4
   596 | D:1      | Reached XP level 2. HP: 15/15 MP: 3/6
   924 | D:1      | Found a faded altar of an unknown god.
  1096 | D:1      | Reached XP level 3. HP: 19/19 MP: 4/7
  1758 | D:2      | Slain by a jackal

Illustrated notes

Levels and vault maps discovered:
D:1:      dpeg_arrival_pond, layout_basic,
          shapermc_ecumenical_altar_starsandcircs, nrook_uturn
D:2:      layout_loops_cross, dk_noncrumbling_4

Skill      XL: |  1  2 |
---------------+-------+-----
Conjurations   | 2 |  2.7
Dodging        | |  2.1
Stealth        | |  2.0
Spellcasting   | |  2.5
Air Magic      | |  4.7

Action                   || total
-------------------------++-------
Melee: Unarmed           ||    12
       Peck              ||     6
       Kick              ||     5
       Dagger            ||    22
 Cast: Shock             ||    41
Armor: Robe              ||    10
Dodge: Dodged            ||    33

Table legend: (Time is in decaauts)
 A = Elapsed time spent in this place.
 B = Non-inter-level travel time spent in this place.
 C = Inter-level travel time spent in this place.
 D = Time resting spent in this place.
 E = Time spent auto-exploring this place.
 F = Levels seen in this place.
 G = Mean time per level.
                   A        B        C        D        E       F      G
               +--------+--------+--------+--------+--------+-----+--------+
         Total |   1757 |   1714 |     43 |    216 |   1305 |   2 |  878.5 |
       Dungeon |   1757 |   1714 |     43 |    216 |   1305 |   2 |  878.5 |
               +--------+--------+--------+--------+--------+-----+--------+

Top non-repeatable levels by time:
     D:1: 1683 daAuts
     D:2: 74 daAuts
